 Dungeon Crawl Stone Soup version 0.24-a0-282-g1a68c91 (webtiles) character file.

Game seed: 13397900943340030495

603 Ijustatesigmund the Cudgeler (level 7, -5/50 HPs)
             Began as an Octopode Fighter on May 3, 2019.
             Shot with an arrow by a centaur (7 damage)
             ... on level 5 of the Dungeon.
             The game lasted 00:08:27 (4455 turns).

Ijustatesigmund the Cudgeler (Octopode Fighter)     Turns: 4455, Time: 00:08:28

Health: -5/50      AC:  2    Str: 18    XL:     7   Next: 42%
Magic:  7/7        EV: 12    Int: 11    God:
Gold:   119        SH: 10    Dex: 13    Spells: 6/6 levels left

rFire    + + .     SeeInvis .   a - +0 flail
rCold    . . .     Gourm    .   b - +1 shield
rNeg     . . .     Faith    .   (helmet restricted)
rPois    .         Spirit   .   (no amulet)
rElec    .         Reflect  .   m - +3 ring of strength
rCorr    .         Harm     .   c - ring of Syndicalism {rF++ AC+1}
MR       .....                  (no ring)
Stlth    ++........             (no ring)
HPRegen  0.16/turn              (no ring)
MPRegen  0.10/turn              (no ring)
                                (no ring)
                                (no ring)

@: lethally poisoned (-5 -> -8), about to teleport
A: almost no armour, stealthy swim, amphibious, 8 rings, constrict 8, camouflage
1, gelatinous body 1
a: no special abilities


You were on level 5 of the Dungeon.
You were not hungry.

You visited 1 branch of the dungeon, and saw 5 of its levels.

You collected 239 gold pieces.
You spent 120 gold pieces at shops.

Inventory:

Hand Weapons
 a - a +0 flail (weapon)
Armour
 b - a +1 shield (worn)
Jewellery
 c - the ring of Syndicalism (right tentacle) {rF++ AC+1}
   (You bought it in a shop on level 4 of the Dungeon)

   [ring of protection]

   It affects your AC (+1).
   It greatly protects you from fire.
 m - a +3 ring of strength (left tentacle)
Wands
 r - a wand of iceblast (12)
Scrolls
 e - 2 scrolls of remove curse
 h - 2 scrolls of teleportation
 o - a scroll of identify
 p - a scroll of amnesia
 q - a scroll of enchant armour
 s - a scroll of enchant weapon
Potions
 f - a potion of lignification
 j - a potion of resistance
 k - a potion of agility
 l - a potion of cancellation
Comestibles
 d - 7 rations


   Skills:
 + Level 5.2 Fighting
 * Level 6.4 Maces & Flails
 - Level 3.0 Dodging
 - Level 3.4 Shields


You had 6 spell levels left.
You didn't know any spells.
Your spell library was empty.

Dungeon Overview and Level Annotations

Branches:
Dungeon (5/15)
 Temple: D:4-7

Altars:
Sif Muna
Zin

Shops:
D:4 =**[!


Innate Abilities, Weirdness & Mutations

You cannot wear most types of armour.
You are very stealthy in the water. (Stealth+)
You are amphibious.
You can wear up to eight rings at the same time.
You can use your tentacles to constrict eight enemies at once.
Your skin changes colour to match your surroundings (Stealth+).
Your rubbery body absorbs attacks. (AC +1, EV +1)


Message History

You kill the ogre!
The adder bites you.
A centaur comes into view.
An iguana comes into view.
You block the adder's attack.
You closely miss the adder. Your grab misses the adder.
The centaur wields a +0 shortbow.
The centaur shoots an arrow.
The arrow completely misses you. The adder bites you.
You are poisoned.
The adder poisons you!
The centaur shoots an arrow.
The arrow hits you!
* * * LOW HITPOINT WARNING * * *
You miss the adder. You grab the adder. You constrict the adder.
You feel sick.
The centaur shoots an arrow.
The arrow hits you!
* * * LOW HITPOINT WARNING * * *
The adder misses you. The adder barely misses you.
Unknown command.
Okay, then.
As you read the scroll of teleportation, it crumbles to dust.
You feel strangely unstable.
You constrict the adder.
The centaur shoots an arrow.
The arrow hits you!
You die...

..#.# #.#.
##... ...
.h. #h#
#h# #S#
#@#
#.).......
#..##...##
#?.# ..#
.... .#
##..# #
#..# ..c.


You could see a centaur, an adder and 3 jackals.

Vanquished Creatures
  2 ogres
  A howler monkey (D:4)
  2 orc priests (D:4)
  A jelly (D:4)
  Natasha (twice) (D:2)
  A worker ant (D:4)
  5 gnolls
  6 adders
  An ooze (D:3)
  3 worms (D:2)
  A dart slug (D:2)
  3 leopard geckos
  11 orcs
  2 giant cockroaches
  17 goblins
  9 hobgoblins
  9 jackals
  8 bats
  5 frilled lizards
  8 kobolds
  13 rats
110 creatures vanquished.

Vanquished Creatures (others)
  A jelly (D:4)
1 creature vanquished.

Grand Total: 111 creatures vanquished

Notes
Turn   | Place    | Note
-------+----------+-------------------------------------------
     0 | D:1      | Ijustatesigmund the Octopode Fighter began the quest for
                  | the Orb.
     0 | D:1      | Reached XP level 1. HP: 16/16 MP: 1/1
   129 | D:1      | Reached XP level 2. HP: 15/21 MP: 2/2
   921 | D:1      | Reached XP level 3. HP: 26/26 MP: 3/3
  1173 | D:1      | Reached skill level 3 in Maces & Flails
  1438 | D:2      | Reached XP level 4. HP: 30/31 MP: 4/4
  1476 | D:2      | Noticed Natasha
  1487 | D:2      | Killed Natasha
  1663 | D:2      | Reached XP level 5. HP: 32/37 MP: 5/5
  1702 | D:2      | Reached skill level 4 in Maces & Flails
  2140 | D:2      | Found a deep blue altar of Sif Muna.
  2330 | D:2      | Noticed Natasha
  2337 | D:2      | Killed Natasha
  2875 | D:3      | Reached XP level 6. HP: 37/44 MP: 6/6
  3322 | D:3      | Reached skill level 5 in Maces & Flails
  3459 | D:3      | Found a glowing silver altar of Zin.
  3720 | D:4      | Found Usum Utuest's Antique Armour Emporium.
  3830 | D:4      | Found Wollon Suuh's Assorted Antiques.
  3842 | D:4      | HP: 1/44 [ogre/+0 giant spiked club (22)]
  3985 | D:4      | Reached XP level 7. HP: 39/49 MP: 7/7
  3992 | D:4      | Bought a scintillating golden ring for 120 gold pieces
  3993 | D:4      | Identified the ring of Syndicalism {rF++ AC+1} (You bought
                  | it in a shop on level 4 of the Dungeon)
  4090 | D:4      | Found Jieh's General Store.
  4104 | D:4      | Found Anynuesk's Jewellery Shop.
  4196 | D:4      | Reached skill level 5 in Fighting
  4196 | D:4      | Reached skill level 6 in Maces & Flails
  4318 | D:4      | Found Veptorha's Distillery.
  4447 | D:5      | Entered Level 5 of the Dungeon
  4454 | D:5      | HP: 2/50 [centaur/arrow (12)]
  4455 | D:5      | Shot with an arrow by a centaur

Levels and vault maps discovered:
D:1:      mushboom_english_gardens, layout_rooms, minmay_stone_trees_large
D:2:      layout_basic, lemuel_blue_sif_altar, grunt_ministairs_14, uniq_natasha
D:3:      layout_basic, marbit_many_paths
D:4:      layout_loops_ring, first_ration, serial_shops,
          nicolae_shop_temple_entry_statues_fountains, kennysheep_mini_moat,
          shop_fountains, nicolae_shop_crystal, shop, minmay_ogre_servants
D:5:      gammafunk_steamed_eel, layout_loops_ring, old_standard_altar,
          chequers_temple_overflow_minitemple, serial_shops,
          nicolae_shop_overgrown_old_shop, elyvilon_altar_5

Skill      XL: |  1  2  3  4  5  6  7 |
---------------+----------------------+-----
Maces & Flails | 3 4 5 6 |  6.4
Fighting       | 4 5 |  5.2
Dodging        | |  3.0
Shields        | |  3.4

Action                   |  1- 3 |  4- 6 |  7- 9 || total
-------------------------+-------+-------+-------++-------
Melee: Flail             |    75 |   120 |    19 ||   214
       Constrict         |    20 |    33 |     5 ||    58
       Tentacles         |    13 |    28 |     8 ||    49
Evoke: Wand              |       |       |     2 ||     2
  Use: Scroll            |       |     7 |     1 ||     8
       Potion            |       |    10 |       ||    10
 Stab: Sleeping          |     4 |    14 |       ||    18
       Invisible         |       |     1 |       ||     1
       Distracted        |       |       |     1 ||     1
  Eat: Chunk             |     2 |     6 |       ||     8
       Ration            |       |     1 |       ||     1
Armor: Skin              |     2 |     2 |       ||     4
Dodge: Dodged            |    35 |    33 |    11 ||    79
Block: Shield            |    31 |    51 |    11 ||    93

Table legend:
 A = Non-vault XP
 B = Vault XP
 C = Vault XP percentage of total XP
 D = Non-vault monster count
 E = Vault monster count
 F = Vault count percentage of total count
                 A         B        C        D         E       F
            +---------+---------+-------+---------+---------+-------
      Total |     676 |     186 |  21.6 |      98 |      13 |  11.7
            +---------+---------+-------+---------+---------+-------
        D:1 |      69 |       0 |   0.0 |      35 |       0 |   0.0
        D:2 |     112 |      53 |  32.1 |      25 |       3 |  10.7
        D:3 |     120 |       5 |   4.0 |      22 |       2 |   8.3
        D:4 |     259 |     128 |  33.1 |      15 |       8 |  34.8
        D:5 |     116 |       0 |   0.0 |       1 |       0 |   0.0
            +---------+---------+-------+---------+---------+-------
